 Dungeon Crawl Stone Soup version 0.29-a0-22-gbf593b16ee (webtiles) character file.

Game seed: 8768107665448344279

1781 soggyman666 the Cleaver (level 9, -3/75 HPs)
             Began as a Hill Orc Fighter on Jan 29, 2022.
             Slain by a 12-headed hydra (4 damage)
             ... on level 7 of the Dungeon.
             The game lasted 00:14:22 (6332 turns).

soggyman666 the Cleaver (Hill Orc Fighter)          Turns: 6332, Time: 00:14:23

Health: -3/75      AC: 14    Str: 23    XL:     9   Next: 8%
Magic:  9/9        EV:  7    Int:  8    God:
Gold:   333        SH:  4    Dex: 10    Spells: 8/8 levels left

rFire   . . .      SeeInvis .   a - +1 war axe
rCold   . . .      Faith    .   c - +0 buckler
rNeg    . . .      Spirit   .   i - +0 plate armour
rPois   .          Reflect  .   (no helmet)
rElec   .          Harm     .   (no cloak)
rCorr   .          Rampage  .   r - +0 pair of gloves
Will    .....                   (no boots)
Stlth   ..........              (no amulet)
HPRegen 0.22/turn               (no ring)
MPRegen 0.11/turn               (no ring)

@: mighty, invisible
A: no striking features
a: no special abilities


You were on level 7 of the Dungeon.
You visited 1 branch of the dungeon, and saw 7 of its levels.

You collected 333 gold pieces.

Inventory:

Hand Weapons
 a - a +1 war axe (weapon)
Missiles
 g - 98 stones
 k - 70 bolts
 p - 2 silver boomerangs (quivered)
Armour
 c - a +0 buckler (worn)
 i - a +0 plate armour (worn)
 r - a +0 pair of gloves (worn)
Jewellery
 y - a ring of ice
Scrolls
 b - a scroll of teleportation
 h - 2 scrolls of enchant weapon
 o - a scroll of vulnerability {unknown}
 q - a scroll of magic mapping {unknown}
 u - a scroll of brand weapon {unknown}
 v - a scroll of fog {unknown}
 x - a scroll of amnesia {unknown}
Potions
 d - a potion of might
 e - a potion of brilliance
 j - a potion of flight
 l - a potion of magic {unknown}
 m - a potion of haste {unknown}
 n - 3 potions of curing
 s - a potion of degeneration {unknown}
 t - a potion of attraction {unknown}
 w - a potion of ambrosia {unknown}
 z - a potion of lignification {unknown}
 A - a potion of heal wounds {unknown}


   Skills:
 + Level 6.3 Fighting
 + Level 10.6 Axes
 + Level 1.1 Throwing
 + Level 7.0 Armour
 + Level 1.3 Dodging
 + Level 0.6 Stealth
 + Level 4.6 Shields


You had 8 spell levels left.
You didn't know any spells.
Your spell library contained the following spells:

 Spells                   Type           Power      Damage    Failure   Level
 Foxfire                  Conj/Fire      0%         2x1d4     100%        1
 Conjure Flame            Conj/Fire      0%         6-21      100%        3
 Inner Flame              Hex/Fire       0%         N/A       100%        3
 Flame Wave               Conj/Fire      0%         2d4       100%        4
 Hailstorm                Conj/Ice       0%         3d3       100%        4
 Ice Form                 Ice/Tmut       0%         N/A       100%        4
 Iskenderun's Battlesphe  Conj           0%         2d6       100%        5
 Iron Shot                Conj/Erth      0%         9d1       100%        6
 Simulacrum               Ice/Necr       0%         N/A       100%        6
 Spellforged Servitor     Conj/Summ      0%         N/A       100%        7


Dungeon Overview and Level Annotations

Branches:
Dungeon (7/15)             Temple (0/1) D:6

Altars:
Ashenzari
Cheibriados
Dithmenos
Elyvilon
Hepliaklqana
Makhleb
Qazlal
Trog
Vehumet
Xom
Zin
The Shining One

Shops:
D:6 !


Message History

The nine-headed hydra is moderately wounded.
The nine-headed hydra closely misses you.
The nine-headed hydra bites you but does no damage.
The nine-headed hydra completely misses you.
The nine-headed hydra bites you! The nine-headed hydra bites you.
The nine-headed hydra closely misses you.
The nine-headed hydra bites you but does no damage.
The nine-headed hydra barely misses you.
The nine-headed hydra bites you but does no damage.
You slice one of the nine-headed hydra's heads off!
The eight-headed hydra grows two more!
You hit the ten-headed hydra.
The ten-headed hydra is moderately wounded.
The ten-headed hydra bites you! x2
The ten-headed hydra bites you but does no damage. x3
You block the ten-headed hydra's attack.
The ten-headed hydra bites you but does no damage.
The ten-headed hydra barely misses you.
The ten-headed hydra bites you but does no damage. x2
You slice one of the ten-headed hydra's heads off!
The nine-headed hydra grows two more!
You slice the 11-headed hydra!!
The 11-headed hydra is moderately wounded.
The 11-headed hydra barely misses you.
The 11-headed hydra bites you but does no damage.
The 11-headed hydra bites you. The 11-headed hydra barely misses you.
The 11-headed hydra bites you but does no damage.
The 11-headed hydra bites you! The 11-headed hydra bites you.
* * * LOW HITPOINT WARNING * * *
The 11-headed hydra bites you but does no damage.
The 11-headed hydra bites you!
* * * LOW HITPOINT WARNING * * *
The 11-headed hydra bites you.
* * * LOW HITPOINT WARNING * * *
The 11-headed hydra bites you.
* * * LOW HITPOINT WARNING * * *
You chop one of the 11-headed hydra's heads off!
The ten-headed hydra grows two more!
You slice the 12-headed hydra!!
The 12-headed hydra is heavily wounded.
You hear the faint creaking of a portcullis nearby.
The 12-headed hydra bites you.
You die...

.. #..≈ ≈....) ..##...
≈≈..... . ......
+........ ..
#....##........ ...
#.............. ...
#............. ...
#............. ...
.#....@....# ##..
#.......D...# # ...
#...........##.#.#####..
#............#.#........
####+####.......#........
........#.......#........
........#................
........###....##........
........'......##.#####..


You could see a 12-headed hydra.

Vanquished Creatures
  Menkaure (D:4)
  A water moccasin (D:6)
  2 orc warriors (D:6)
  3 ice beasts (D:6)
  An ogre (D:4)
  A necrophage (D:6)
  3 sky beasts
  A phantom (D:6)
  A bullfrog (D:4)
  A scorpion (D:6)
  A bullfrog zombie (D:6)
  A jelly (D:6)
  2 iguanas (D:4)
  5 orc wizards (D:6)
  2 hound skeletons (D:4)
  2 howler monkey zombies (D:6)
  7 adders
  A white imp (D:5)
  3 ufetubi
  3 worms
  4 orcs
  8 ball pythons
  4 endoplasms
  6 giant cockroaches
  4 hobgoblins
  2 jackals (D:1)
  8 kobolds
  A quokka (D:1)
  6 bats
  A frilled lizard (D:2)
  3 goblins
  8 rats
97 creatures vanquished.

Notes
Turn   | Place    | Note
-------+----------+-------------------------------------------
     0 | D:1      | soggyman666 the Hill Orc Fighter began the quest for the
                  | Orb.
     0 | D:1      | Reached XP level 1. HP: 19/19 MP: 1/1
   244 | D:1      | Reached XP level 2. HP: 27/27 MP: 2/2
   517 | D:1      | Reached skill level 3 in Axes
   750 | D:1      | Reached XP level 3. HP: 33/33 MP: 3/3
  1032 | D:2      | Found a burning altar of Makhleb.
  1177 | D:2      | Reached skill level 4 in Axes
  1178 | D:2      | Found a faded altar of an unknown god.
  1690 | D:3      | Reached XP level 4. HP: 37/40 MP: 4/4
  1826 | D:3      | Identified the +3 robe of Follow the Leader {rElec rPois
                  | Regen+ Dex-5}
  2442 | D:4      | Noticed Menkaure
  2451 | D:4      | Killed Menkaure
  2452 | D:4      | Reached skill level 5 in Axes
  2452 | D:4      | Reached XP level 5. HP: 46/46 MP: 5/5
  2469 | D:4      | Reached XP level 6. HP: 27/52 MP: 6/6
  2703 | D:4      | Found a radiant altar of Vehumet.
  2723 | D:4      | Reached skill level 6 in Axes
  2766 | D:4      | Reached skill level 1 in Throwing
  2766 | D:4      | Reached skill level 5 in Armour
  2953 | D:4      | Reached XP level 7. HP: 59/60 MP: 7/7
  3042 | D:4      | Found a glowing silver altar of Zin.
  3042 | D:4      | Found a hazy altar of Hepliaklqana.
  3043 | D:4      | Found a stormy altar of Qazlal.
  3098 | D:4      | Found a shadowy altar of Dithmenos.
  3176 | D:4      | Reached skill level 7 in Axes
  3262 | D:5      | Entered Level 5 of the Dungeon
  3294 | D:5      | Found a white marble altar of Elyvilon.
  3381 | D:5      | Reached skill level 5 in Fighting
  3454 | D:5      | Found a glowing golden altar of the Shining One.
  3713 | D:5      | Found a shimmering altar of Xom.
  3715 | D:5      | Found a radiant altar of Vehumet.
  3715 | D:5      | Found a glowing silver altar of Zin.
  3746 | D:5      | Found a bloodstained altar of Trog.
  3746 | D:5      | Found a snail-covered altar of Cheibriados.
  3746 | D:5      | Found a broken altar of Ashenzari.
  4173 | D:6      | Reached skill level 8 in Axes
  4474 | D:6      | Found a staircase to the Ecumenical Temple.
  4649 | D:6      | Reached XP level 8. HP: 55/69 MP: 8/8
  4754 | D:6      | Reached skill level 1 in Dodging
  4851 | D:6      | Reached skill level 9 in Axes
  5528 | D:6      | Reached skill level 10 in Axes
  5531 | D:6      | Reached XP level 9. HP: 41/75 MP: 9/9
  5788 | D:6      | Found Upsusitz's Distillery.
  6318 | D:7      | Noticed a seven-headed hydra
  6331 | D:7      | HP: 3/75 [11-headed hydra (6)]
  6331 | D:7      | HP: 1/75 [11-headed hydra (2)]
  6332 | D:7      | Slain by a 12-headed hydra

Illustrated notes

Levels and vault maps discovered:
D:1:      lemuel_arrival_muddy, layout_loops_corners
D:2:      layout_basic, ebering_ecumenical_altar_sacrificial, basic_altar
D:3:      layout_basic
D:4:      layout_rooms, mainiacjoe_overflow_tiny_flanked,
          gammafunk_temple_overflow_claw, vehumet_crystals,
          hangedman_decor_riveting, minmay_cupped, uniq_menkaure
D:5:      layout_rooms, doesnt_xom_only_xom, mainiacjoe_overflow_boulevard,
          tso_oasis_becter
D:6:      layout_basic, lemuel_temple_firewalk_b, serial_shops,
          nicolae_shop_statue_plus, kennysheep_small_circle
D:7:      layout_basic, fedhas_altar_2, old_standard_altar, enter_bailey_3

Skill      XL: |  1  2  3  4  5  6  7  8  9 |
---------------+----------------------------+-----
Axes           | 3 4 5 6 8 10 | 10.6
Fighting       | 4 5 6 |  6.3
Armour         | 4 5 6 7 |  7.0
Throwing       | 1 |  1.1
Shields        | 4 |  4.6
Dodging        | 1 |  1.3
Stealth        | |  0.6

Action                   |  1- 3 |  4- 6 |  7- 9 || total
-------------------------+-------+-------+-------++-------
Melee: War axe           |   101 |    78 |   209 ||   388
Throw: Stone             |     2 |       |       ||     2
       Boomerang         |       |    12 |       ||    12
  Use: Scroll            |     4 |     6 |     1 ||    11
       Potion            |       |       |     2 ||     2
Armor: Scale mail        |    34 |       |       ||    34
       Plate armour      |    18 |    50 |   159 ||   227
Dodge: Dodged            |    39 |    20 |    71 ||   130
Block: Buckler           |    21 |     7 |    50 ||    78

Table legend: (Time is in decaauts)
 A = Elapsed time spent in this place.
 B = Non-inter-level travel time spent in this place.
 C = Inter-level travel time spent in this place.
 D = Time resting spent in this place.
 E = Time spent auto-exploring this place.
 F = Levels seen in this place.
 G = Mean time per level.
                   A        B        C        D        E       F      G
               +--------+--------+--------+--------+--------+-----+--------+
         Total |   6418 |   6028 |    390 |    618 |   4323 |   7 |  916.9 |
       Dungeon |   6418 |   6028 |    390 |    618 |   4323 |   7 |  916.9 |
               +--------+--------+--------+--------+--------+-----+--------+

Top non-repeatable levels by time:
     D:6: 2365 daAuts
     D:3: 1008 daAuts
     D:1: 990 daAuts
     D:4: 842 daAuts
     D:5: 624 daAuts
     D:2: 486 daAuts
     D:7: 99 daAuts
